TOP OF THE 1ST |
Havana Rollers batting - Pitching for Richmond Flairs : RHP John Smith
|
Pitching: RHP John Smith
|
|
Batting: LHB José Torres
|
0-0: Called Strike 0-1: Ball 1-1: Swinging Strike 1-2: Strikes out swinging
|
Batting: LHB Jimmy Husted
|
0-0: Ball 1-0: Foul Ball, location: 2F 1-1: Foul Ball, location: 2F 1-2: Ball 2-2: Foul Ball, location: 2F 2-2: Ball 3-2: Ground out 4-3 (Groundball, 4S)
|
Batting: RHB Brant Sherman
|
0-0: Ball 1-0: Swinging Strike 1-1: Called Strike 1-2: Ball 2-2: Fly out, F4 (Popup, 4M)
|
Top of the 1st over - 0 runs, 0 hits, 0 errors, 0 left on base; Havana 0 - Richmond 0 |
BOTTOM OF THE 1ST |
Richmond Flairs batting - Pitching for Havana Rollers : RHP Paul Lorenzo
|
Pitching: RHP Paul Lorenzo
|
|
Batting: RHB Lonson Seals
|
0-0: Ball 1-0: Ball 2-0: Called Strike 2-1: Foul Ball, location: 2F 2-2: Fly out, F4 (Flyball, 34D)
|
Batting: RHB Jack Ray
|
0-0: Called Strike 0-1: Ball 1-1: Ground out 6-3 (Groundball, 56)
|
Batting: LHB Luis Villa
|
0-0: Ball 1-0: Swinging Strike 1-1: Swinging Strike 1-2: Strikes out looking
|
Bottom of the 1st over - 0 runs, 0 hits, 0 errors, 0 left on base; Havana 0 - Richmond 0 |
TOP OF THE 2ND |
Havana Rollers batting - Pitching for Richmond Flairs : RHP John Smith
|
Batting: RHB Soshu Nakamura
|
0-0: Ball 1-0: Ball 2-0: Called Strike 2-1: Swinging Strike 2-2: Ball 3-2: Foul Ball, location: 2F 3-2: Foul Ball, location: 2F 3-2: Strikes out swinging
|
Batting: SHB Yasuhiro Ikarashi
|
0-0: Ball 1-0: Called Strike 1-1: Swinging Strike 1-2: Ball 2-2: Ground out 6-3 (Groundball, 6)
|
Batting: RHB Bill Little
|
0-0: Ball 1-0: Swinging Strike 1-1: Ball 2-1: Ball 3-1: Foul Ball, location: 2F 3-2: Strikes out looking
|
Top of the 2nd over - 0 runs, 0 hits, 0 errors, 0 left on base; Havana 0 - Richmond 0 |
BOTTOM OF THE 2ND |
Richmond Flairs batting - Pitching for Havana Rollers : RHP Paul Lorenzo
|
Batting: LHB Sean Nicks
|
0-0: SOLO HOME RUN (Flyball, 9LD), Distance : 334 ft
|
Batting: LHB Roland Jones
|
0-0: Called Strike 0-1: Ball 1-1: Ball 2-1: Ground out 3-1 (Groundball, 34)
|
Batting: SHB Jeremy Holmes
|
0-0: Ground out U3 (Groundball, 34)
|
Batting: LHB R.J. Courtney
|
0-0: SOLO HOME RUN (Flyball, 89XD), Distance : 398 ft
|
Batting: RHB Christian Hudson
|
0-0: Called Strike 0-1: Ball 1-1: Foul Ball, location: 2F 1-2: Strikes out looking
|
Bottom of the 2nd over - 2 runs, 2 hits, 0 errors, 0 left on base; Havana 0 - Richmond 2 |
TOP OF THE 3RD |
Havana Rollers batting - Pitching for Richmond Flairs : RHP John Smith
|
Batting: LHB Shiro Ueno
|
0-0: Foul Ball, location: 2F 0-1: Ball 1-1: Ball 2-1: Called Strike 2-2: Foul Ball, location: 2F 2-2: Strikes out swinging
|
Batting: RHB Mitsuharu Matsumoto
|
0-0: Ball 1-0: Ball 2-0: Called Strike 2-1: Ball 3-1: Ground out 6-3 (Groundball, 6)
|
Batting: RHB Ken MacDonald
|
0-0: Ball 1-0: Called Strike 1-1: Foul Ball, location: 2F 1-2: Ball 2-2: Foul Ball, location: 2F 2-2: Ball 3-2: Foul Ball, location: 2F 3-2: Fly out, F7 (Flyball, 78M)
|
Top of the 3rd over - 0 runs, 0 hits, 0 errors, 0 left on base; Havana 0 - Richmond 2 |
BOTTOM OF THE 3RD |
Richmond Flairs batting - Pitching for Havana Rollers : RHP Paul Lorenzo
|
Batting: RHB Alejandro Ramos
|
0-0: Called Strike 0-1: Ball 1-1: Ball 2-1: Foul Ball, location: 2F 2-2: Strikes out swinging
|
Batting: RHB Lonson Seals
|
0-0: SOLO HOME RUN (Line Drive, 78XD) (Inside the Park)
|
Batting: RHB Jack Ray
|
0-0: Called Strike 0-1: Foul Ball, location: 2F 0-2: Foul Ball, location: 2F 0-2: Foul Ball, location: 2F 0-2: Ball 1-2: DOUBLE (Line Drive, 8RXD)
|
Batting: LHB Luis Villa
|
0-0: TRIPLE (Line Drive, 8LXD) Jack Ray scores
|
Batting: LHB Sean Nicks
|
0-0: Called Strike 0-1: Fly out, F9 (Flyball, 9S) Runner from 3rd tags up, OUT at HOME
|
Bottom of the 3rd over - 2 runs, 3 hits, 0 errors, 0 left on base; Havana 0 - Richmond 4 |
TOP OF THE 4TH |
Havana Rollers batting - Pitching for Richmond Flairs : RHP John Smith
|
Batting: LHB José Torres
|
0-0: SOLO HOME RUN (Flyball, 9D), Distance : 376 ft
|
Batting: LHB Jimmy Husted
|
0-0: Called Strike 0-1: Fly out, F8 (Flyball, 8LD)
|
Batting: RHB Brant Sherman
|
0-0: Foul Ball, location: 2F 0-1: Ball 1-1: Foul Ball, location: 2F 1-2: Ball 2-2: SOLO HOME RUN (Flyball, 7LD), Distance : 335 ft
|
Batting: RHB Soshu Nakamura
|
0-0: Called Strike 0-1: Ball 1-1: Foul Ball, location: 2F 1-2: Ball 2-2: Ball 3-2: Strikes out swinging
|
Batting: SHB Yasuhiro Ikarashi
|
0-0: Foul Ball, location: 2F 0-1: Called Strike 0-2: Ball 1-2: Strikes out swinging
|
Top of the 4th over - 2 runs, 2 hits, 0 errors, 0 left on base; Havana 2 - Richmond 4 |
BOTTOM OF THE 4TH |
Richmond Flairs batting - Pitching for Havana Rollers : RHP Paul Lorenzo
|
Batting: LHB Roland Jones
|
0-0: Called Strike 0-1: Ball 1-1: Foul Ball, location: 2F 1-2: Strikes out swinging
|
Batting: SHB Jeremy Holmes
|
0-0: SINGLE (Groundball, 34S) (infield hit)
|
Batting: LHB R.J. Courtney
|
0-0: Ball 1-0: Foul Ball, location: 2F 1-1: Called Strike 1-2: Strikes out swinging
|
Batting: RHB Christian Hudson
|
0-0: Fielders Choice at 2nd, 5-4 (Groundball, 56)
|
Bottom of the 4th over - 0 runs, 1 hit, 0 errors, 1 left on base; Havana 2 - Richmond 4 |
TOP OF THE 5TH |
Havana Rollers batting - Pitching for Richmond Flairs : RHP John Smith
|
Batting: RHB Bill Little
|
0-0: Foul Ball, location: 2F 0-1: Foul Ball, location: 2F 0-2: Strikes out looking
|
Batting: LHB Shiro Ueno
|
0-0: Ball 1-0: Called Strike 1-1: Foul Ball, location: 2F 1-2: Strikes out looking
|
Batting: RHB Mitsuharu Matsumoto
|
0-0: Foul Ball, location: 2F 0-1: Called Strike 0-2: Fly out, F8 (Flyball, 89D)
|
Top of the 5th over - 0 runs, 0 hits, 0 errors, 0 left on base; Havana 2 - Richmond 4 |
BOTTOM OF THE 5TH |
Richmond Flairs batting - Pitching for Havana Rollers : RHP Paul Lorenzo
|
Batting: RHB Alejandro Ramos
|
0-0: Called Strike 0-1: Foul Ball, location: 2F 0-2: Ball 1-2: Strikes out looking
|
Batting: RHB Lonson Seals
|
0-0: Swinging Strike 0-1: Fly out, F3 (Line Drive, 34)
|
Batting: RHB Jack Ray
|
0-0: Ball 1-0: Ball 2-0: Foul Ball, location: 2F 2-1: Ground out 4-3 (Groundball, 4)
|
Bottom of the 5th over - 0 runs, 0 hits, 0 errors, 0 left on base; Havana 2 - Richmond 4 |
TOP OF THE 6TH |
Havana Rollers batting - Pitching for Richmond Flairs : RHP John Smith
|
Pitching: LHP Orlando Díaz
|
|
Batting: RHB Ken MacDonald
|
0-0: Called Strike 0-1: Ball 1-1: Fly out, F9 (Flyball, 89D)
|
Batting: LHB José Torres
|
0-0: Ball 1-0: Called Strike 1-1: Ball 2-1: Ball 3-1: Foul Ball, location: 2F 3-2: Base on Balls
|
Batting: LHB Jimmy Husted
|
0-0: Foul Ball, location: 2F 0-1: Grounds into double play, 3-6-3 (Groundball, 3)
|
Top of the 6th over - 0 runs, 0 hits, 0 errors, 0 left on base; Havana 2 - Richmond 4 |
BOTTOM OF THE 6TH |
Richmond Flairs batting - Pitching for Havana Rollers : RHP Paul Lorenzo
|
Batting: LHB Luis Villa
|
0-0: Ball 1-0: Foul Ball, location: 2F 1-1: Foul Ball, location: 2F 1-2: Foul Ball, location: 2F 1-2: Strikes out swinging
|
Batting: LHB Sean Nicks
|
0-0: Called Strike 0-1: Ball 1-1: Called Strike 1-2: Fly out, F4 (Popup, 4)
|
Batting: LHB Roland Jones
|
0-0: Ball 1-0: Ball 2-0: Called Strike 2-1: Ball 3-1: SINGLE (Groundball, 34D)
|
Batting: SHB Jeremy Holmes
|
0-0: Ball 1-0: Ball 2-0: Foul Ball, location: 2F 2-1: DOUBLE (Line Drive, 3D) Roland Jones to third Runner from 3rd tries for Home, SAFE, no throw
|
Pitching: LHP Dave Miller
|
|
Batting: LHB R.J. Courtney
|
0-0: Called Strike 0-1: Foul Ball, location: 2F 0-2: Ball 1-2: Foul Ball, location: 2F 1-2: Ball 2-2: Ball 3-2: Foul Ball, location: 2F 3-2: Foul Ball, location: 2F 3-2: DOUBLE (Flyball, 89D) Jeremy Holmes scores
|
Batting: RHB Christian Hudson
|
0-0: Called Strike 0-1: Ball 1-1: DOUBLE (Line Drive, 89XD) R.J. Courtney scores
|
Batting: RHB Alejandro Ramos
|
0-0: Called Strike 0-1: Foul Ball, location: 2F 0-2: SINGLE (Line Drive, 89S) Christian Hudson to third Runner from 3rd tries for Home, SAFE, no throw
|
Batting: RHB Lonson Seals
|
0-0: Foul Ball, location: 2F 0-1: Ball 1-1: SINGLE (Line Drive, 34D) Alejandro Ramos to second
|
Batting: RHB Jack Ray
|
0-0: Ball 1-0: Foul Ball, location: 2F 1-1: Ball 2-1: Called Strike 2-2: Strikes out swinging
|
Bottom of the 6th over - 4 runs, 6 hits, 0 errors, 2 left on base; Havana 2 - Richmond 8 |
TOP OF THE 7TH |
Havana Rollers batting - Pitching for Richmond Flairs : LHP Orlando Díaz
|
Batting: RHB Brant Sherman
|
0-0: Ball 1-0: Foul Ball, location: 2F 1-1: Ball 2-1: Ball 3-1: Foul Ball, location: 2F 3-2: Strikes out swinging
|
Batting: RHB Soshu Nakamura
|
0-0: Ball 1-0: Ground out 6-3 (Groundball, 6D)
|
Batting: SHB Yasuhiro Ikarashi
|
0-0: Called Strike 0-1: SINGLE (Line Drive, 5)
|
Batting: RHB Bill Little
|
0-0: Called Strike 0-1: Ball 1-1: Ball 2-1: SINGLE (Flyball, 89S) Yasuhiro Ikarashi to second Runner from 2nd tries for 3rd, SAFE, no throw
|
Batting: LHB Shiro Ueno
|
0-0: Called Strike 0-1: Ball 1-1: Foul Ball, location: 2F 1-2: Foul Ball, location: 2F 1-2: Ball 2-2: Ball 3-2: Foul Ball, location: 2F 3-2: Base on Balls Bill Little to second
|
Batting: RHB Mitsuharu Matsumoto
|
0-0: Ball 1-0: Ball 2-0: Foul Ball, location: 2F 2-1: Ball 3-1: Foul Ball, location: 2F 3-2: Base on Balls Yasuhiro Ikarashi scores Bill Little to third Shiro Ueno to second
|
Batting: RHB Ken MacDonald
|
0-0: Ball 1-0: SINGLE (Flyball, 9S) Bill Little scores Shiro Ueno to third Mitsuharu Matsumoto to second
|
Pitching: LHP José Morán
|
|
Batting: LHB José Torres
|
0-0: Foul Ball, location: 2F 0-1: Fly out, F9 (Flyball, 9S)
|
Top of the 7th over - 2 runs, 3 hits, 0 errors, 3 left on base; Havana 4 - Richmond 8 |
BOTTOM OF THE 7TH |
Richmond Flairs batting - Pitching for Havana Rollers : LHP Dave Miller
|
Pitching: RHP Jason Drake
|
|
Batting: LHB Luis Villa
|
0-0: Ball 1-0: DOUBLE (Flyball, 89XD)
|
Batting: LHB Sean Nicks
|
0-0: Intentional Walk
|
Batting: LHB Roland Jones
|
0-0: Called Strike 0-1: SINGLE (Groundball, 34D) Luis Villa to third Sean Nicks to second Runner from 3rd tries for Home, throw and OUT!
|
Batting: SHB Jeremy Holmes
|
0-0: Called Strike 0-1: Swinging Strike 0-2: Ball 1-2: Foul Ball, location: 2F 1-2: Foul Ball, location: 2F 1-2: Strikes out looking
|
Batting: LHB R.J. Courtney
|
0-0: Ball 1-0: Ball 2-0: Ground out 6-3 (Groundball, 6S)
|
Bottom of the 7th over - 0 runs, 2 hits, 0 errors, 2 left on base; Havana 4 - Richmond 8 |
TOP OF THE 8TH |
Havana Rollers batting - Pitching for Richmond Flairs : LHP José Morán
|
Batting: LHB Jimmy Husted
|
0-0: Called Strike 0-1: Called Strike 0-2: Foul Ball, location: 2F 0-2: Strikes out swinging, 2-3 out at first.
|
Batting: RHB Brant Sherman
|
0-0: Called Strike 0-1: Ball 1-1: Fly out, F8 (Flyball, 8LD)
|
Batting: RHB Soshu Nakamura
|
0-0: Ball 1-0: Foul Ball, location: 2F 1-1: Called Strike 1-2: Ball 2-2: Strikes out looking
|
Top of the 8th over - 0 runs, 0 hits, 0 errors, 0 left on base; Havana 4 - Richmond 8 |
BOTTOM OF THE 8TH |
Richmond Flairs batting - Pitching for Havana Rollers : RHP Jason Drake
|
Batting: RHB Christian Hudson
|
0-0: Ball 1-0: Foul Ball, location: 2F 1-1: Ball 2-1: Ground out 6-3 (Groundball, 6)
|
Batting: RHB Alejandro Ramos
|
0-0: Swinging Strike 0-1: SINGLE (Groundball, 6MD)
|
Batting: RHB Lonson Seals
|
0-0: Fly out, F9 (Line Drive, 9S)
|
Batting: RHB Jack Ray
|
0-0: Ball 1-0: Ball 2-0: Swinging Strike 2-1: Ball 3-1: Base on Balls Alejandro Ramos to second
|
Batting: LHB Luis Villa
|
0-0: Ball 1-0: Ball 2-0: Ball 3-0: Base on Balls Alejandro Ramos to third Jack Ray to second
|
Batting: LHB Sean Nicks
|
0-0: Called Strike 0-1: Ball 1-1: Called Strike 1-2: Ground out U3 (Groundball, 3)
|
Bottom of the 8th over - 0 runs, 1 hit, 0 errors, 3 left on base; Havana 4 - Richmond 8 |
TOP OF THE 9TH |
Havana Rollers batting - Pitching for Richmond Flairs : LHP José Morán
|
Batting: SHB Yasuhiro Ikarashi
|
0-0: Ball 1-0: Called Strike 1-1: Ball 2-1: Called Strike 2-2: Fly out, F8 (Flyball, 8LD)
|
Batting: RHB Bill Little
|
0-0: Swinging Strike 0-1: Foul Ball, location: 2F 0-2: Ball 1-2: Ball 2-2: SOLO HOME RUN (Flyball, 7LD), Distance : 348 ft
|
Batting: LHB Shiro Ueno
|
0-0: Foul Ball, location: 2F 0-1: Called Strike 0-2: Ball 1-2: Strikes out swinging
|
Batting: RHB Mitsuharu Matsumoto
|
0-0: Ball 1-0: Called Strike 1-1: Ball 2-1: Foul Ball, location: 2F 2-2: Foul Ball, location: 2F 2-2: Strikes out swinging, 2-3 out at first.
|
Top of the 9th over - 1 run, 1 hit, 0 errors, 0 left on base; Havana 5 - Richmond 8 |
|